 Dungeon Crawl Stone Soup version 0.19.1-1-g22dce08 (webtiles) character file.

89 RedPan the Slasher (level 4, 0/35 HPs)
             Began as a Formicid Fighter on Dec 29, 2016.
             Slain by a gnoll
             ... wielding a +0 whip
              (2 damage)
             ... on level 3 of the Dungeon.
             The game lasted 00:03:33 (1817 turns).

RedPan the Slasher (Formicid Fighter)               Turns: 1817, Time: 00:03:34

Health: 0/35       AC:  6    Str: 20    XL:     4   Next: 84%
Magic:  4/4        EV:  7    Int:  8    God:
Gold:   83         SH:  9    Dex: 11    Spells: 0 memorised, 3 levels left

rFire  . . .     SeeInvis +     a - +0 long sword
rCold  . . .     Gourm    .     b - +0 scale mail
rNeg   . . .     Faith    .     c - +0 shield
rPois  .         Spirit   .     (helmet unavailable)
rElec  .         Reflect  .     (no cloak)
rCorr  .         Harm     .     (no gloves)
MR     .....                    (no boots)
Stlth  ..........               (no amulet)
                                (no ring)
                                (no ring)

@: no status effects
A: permanent stasis, dig shafts and tunnels, four strong arms, antennae 3
a: Dig, Shaft Self


You were on level 3 of the Dungeon.
You were very hungry.

You visited 1 branch of the dungeon, and saw 3 of its levels.

You collected 83 gold pieces.

Inventory:

Hand Weapons
 a - a +0 long sword (weapon)
Armour
 b - a +0 scale mail (worn)
 c - a +0 shield (worn)
Jewellery
 p - an uncursed amulet of inaccuracy
Wands
 h - a wand of iceblast (5/15)
Scrolls
 i - a scroll of remove curse
 l - a scroll of fog {unknown}
 o - a scroll of magic mapping {unknown}
Potions
 d - a potion of might
 e - 3 potions of flight
 g - a potion of cancellation
Comestibles
 f - a bread ration
 n - a beef jerky


   Skills:
 - Level 3.2 Fighting
 + Level 4.6 Long Blades
 - Level 3.2 Armour
 - Level 3.6 Shields


You had 3 spell levels left.
You didn't know any spells.

Dungeon Overview and Level Annotations

Branches:
Dungeon (3/15)

Altars:
Dithmenos
Elyvilon
Nemelex Xobeh
Trog
Uskayaw
Yredelemnul


Innate Abilities, Weirdness & Mutations

You are under a permanent stasis effect.
You can dig through walls and to a lower floor.
Your four strong arms can wield two-handed weapons with a shield.
You have a pair of large antennae on your head. (SInv)


Message History

Okay, then.
Okay, then.
You slash the gnoll!
The gnoll is severely wounded.
You block the gnoll's attack.
You barely miss the gnoll.
The gnoll is severely wounded.
The gnoll hits you but does no damage.
You slash the gnoll!
You kill the gnoll!
The gnoll hits you with a whip!
* * * LOW HITPOINT WARNING * * *
Okay, then.
You hit the gnoll.
The gnoll is lightly wounded.
The gnoll hits you but does no damage.
You hit the gnoll.
The gnoll is moderately wounded.
The gnoll hits you with a whip.
You die...

#.# .....#
#.# ....# #(#
....#######.#
.... ...##)#
...####.##.#
#..........#
#g#####.####
#@# #.#
#.#####.#
#.......#
#########


You could see a gnoll.

Vanquished Creatures
  An adder (D:2)
  3 gnolls (D:3)
  A worm (D:2)
  2 dart slugs (D:1)
  A leopard gecko (D:2)
  5 bats
  3 giant cockroaches
  2 hobgoblins
  4 jackals (D:1)
  5 kobolds
  A quokka (D:2)
  2 ball pythons
  2 frilled lizards
  6 goblins
  3 rats
41 creatures vanquished.

Notes
Turn   | Place    | Note
-------+----------+-------------------------------------------
     0 | D:1      | RedPan the Formicid Fighter began the quest for the Orb.
     0 | D:1      | Reached XP level 1. HP: 18/18 MP: 1/1
   216 | D:1      | Reached XP level 2. HP: 20/24 MP: 2/2
   483 | D:1      | Reached skill level 3 in Long Blades
   697 | D:1      | Reached XP level 3. HP: 24/29 MP: 3/3
  1019 | D:2      | Found a white marble altar of Elyvilon.
  1180 | D:2      | Found a sparkling altar of Nemelex Xobeh.
  1241 | D:2      | Found a shadowy altar of Dithmenos.
  1249 | D:2      | Reached skill level 4 in Long Blades
  1249 | D:2      | Reached XP level 4. HP: 19/35 MP: 4/4
  1528 | D:2      | Found a basalt altar of Yredelemnul.
  1687 | D:2      | Found a hide-covered altar of Uskayaw.
  1687 | D:2      | Found a bloodstained altar of Trog.
  1815 | D:3      | HP: 1/35 [gnoll/whip (7)]
  1817 | D:3      | Slain by a gnoll

Skill      XL: |  1  2  3 |
---------------+----------+-----
Long Blades    | 3 4 |  4.6
Fighting       | |  3.2
Armour         | |  3.2
Shields        | |  3.6

Action                   |  1- 3 |  4- 6 || total
-------------------------+-------+-------++-------
Melee: Long sword        |    92 |    42 ||   134
  Use: Scroll            |       |     3 ||     3
       Potion            |       |     2 ||     2
  Eat: Chunk             |       |     2 ||     2
Armor: Scale mail        |    42 |    16 ||    58
Dodge: Dodged            |    44 |    18 ||    62
Block: Shield            |    51 |    34 ||    85
       Rpst.: Long sword |    11 |     4 ||    15
